 Dungeon Crawl Stone Soup version 0.27.0-1-g7a089689b8 (webtiles) character file.

Game seed: 13968890572528514709

893 Delamore the Cutter (level 8, -3/54 HPs)
             Began as an Octopode Brigand on Aug 6, 2021.
             Was an Initiate of Gozag.
             Slain by a wyvern (13 damage)
             ... on level 5 of the Dungeon.
             The game lasted 00:06:08 (5628 turns).

Delamore the Cutter (Octopode Brigand)              Turns: 5628, Time: 00:06:09

Health: -3/54      AC:  1    Str: 11    XL:     8   Next: 6%
Magic:  8/8        EV: 14    Int: 13    God:    Gozag
Gold:   377        SH:  0    Dex: 15    Spells: 7/7 levels left

rFire    . . .     SeeInvis .   f - +0 dagger (venom)
rCold    . . .     Faith    .   (no shield)
rNeg     . . .     Spirit   .   (helmet restricted)
rPois    .         Reflect  .   (no amulet)
rElec    .         Harm     .   (no ring)
rCorr    .         Rampage  .   (no ring)
Will     .....                  (no ring)
Stlth    ++++......             (no ring)
HPRegen  0.18/turn              (no ring)
MPRegen  0.11/turn              (no ring)
                                (no ring)
                                (no ring)

@: no status effects
A: almost no armour, amphibious, 8 rings, camouflage 1, gelatinous body 1,
(nimble swimmer 1), tentacles
a: Renounce Religion, Potion Petition, Call Merchant, Bribe Branch


You were on level 5 of the Dungeon.
You worshipped Gozag.
Gozag was aware of your devotion.
You visited 1 branch of the dungeon, and saw 5 of its levels.

You collected 558 gold pieces.
You spent 132 gold pieces at shops.
You paid 49 gold pieces to Gozag.

Inventory:

Hand Weapons
 a - a +2 dagger
 f - a +0 dagger of venom (weapon)
 n - a +4 dagger
Missiles
 b - 5 poisoned darts
Jewellery
 c - a ring of ice
 v - a ring of poison resistance
Wands
 o - a wand of iceblast (11) (quivered)
 r - a wand of paralysis (2)
Scrolls
 d - a scroll of enchant armour
 e - a scroll of noise
 i - a scroll of fog
 j - 2 scrolls of teleportation
 m - 2 scrolls of magic mapping
 p - 2 scrolls of amnesia
 q - a scroll of fear
 u - a scroll of torment
Potions
 g - a potion of cancellation
 h - a potion of haste
 k - 4 potions of curing
 l - 2 potions of heal wounds
 s - a potion of invisibility
 t - a potion of lignification
 w - a potion of ambrosia {unknown}


   Skills:
 + Level 4.8 Fighting
 * Level 6.5 Short Blades
 - Level 2.0 Throwing
 + Level 4.3 Dodging
 - Level 5.3 Stealth


You had 7 spell levels left.
You didn't know any spells.
Your spell library contained the following spells:

 Spells                   Type           Power      Damage    Failure   Level
 Animate Skeleton         Necr           0%         N/A       30%         1
 Foxfire                  Conj/Fire      0%         2x1d4     30%         1
 Pain                     Necr           0%         1d4       30%         1
 Blink                    Tloc           N/A        N/A       43%         2
 Conjure Flame            Conj/Fire      0%         6-21      67%         3
 Inner Flame              Hex/Fire       0%         N/A       67%         3
 Vampiric Draining        Necr           0%         2d6       67%         3
 Manifold Assault         Tloc           0%         N/A       100%        5
 Storm Form               Tmut/Air       0%         N/A       100%        7


Dungeon Overview and Level Annotations

Branches:
Dungeon (5/15)             Temple (0/1) D:5

Altars:
Elyvilon
Fedhas
Gozag
Zin

Shops:
D:3 (!:


Innate Abilities, Weirdness & Mutations

You cannot wear most types of armour.
You are amphibious.
You can wear up to eight rings at the same time.
Your skin changes colour to match your surroundings (Stealth+).
Your rubbery body absorbs attacks. (AC +1, EV +1)
((You are camouflaged near water. (Stealth+)))
You have tentacles for arms and can constrict up to eight enemies at once.


Message History

As you read the scroll labelled SYEKLYAQEC, it crumbles to dust.
It is a scroll of amnesia.
You feel forgetful for a moment.
You feel sick.
You feel sick.
You feel sick.
You feel sick.
You feel sick.
You feel sick.
You feel sick.
You are no longer poisoned.
You now have 377 gold pieces (gained 6).
There is a stone staircase leading down here.
Found a whip.
A wyvern comes into view.
A wyvern is nearby!
The wyvern hisses angrily.
The wyvern bites you!! The wyvern bites you!
You are too injured to fight recklessly!
You are too injured to fight recklessly!
You are too injured to fight recklessly!
You are too injured to fight recklessly!
You are too injured to fight recklessly!
You are too injured to fight recklessly!
You are too injured to fight recklessly!
You are too injured to fight recklessly!
That's the wrong kind of item! (Use * to select it.) Evoke which item? (* to show all) (? for menu, Esc to quit)
Okay, then.
Aiming: Paralyse
Press: ? - help, Shift-Dir - straight line, f - wyvern
Aim: a wyvern (chance to affect: 46%)
The wyvern resists with some effort.
The wyvern bites you!
* * * LOW HITPOINT WARNING * * *
Aiming: Paralyse
Press: ? - help, Shift-Dir - straight line, f/p - wyvern
Aim: a wyvern (chance to affect: 46%)
The wyvern resists with some effort.
The wyvern misses you. The wyvern bites you!
You die...
Your body crumbles into a pile of gold.

########.### ...........#
.#######.#.# ########.#..####.#.#
#........#..#.......
#........#..#.##.#.#
#########........#..#.##.#.#
#...........l....#..#.##.#.#
###.#########@####.#..#<##.#.#
#.....#..).................#.#
#.#.#.#.##..#.####.#..#.####.#
#.#.#.#.....#......#..#.# #.#
####.#.#.#####.#.........#.# ##.#
#....#.#.......#.#######.#.# #.(.
#.####.#########.# #.#.# #... #.#
#.#.........# #.#.# #..[
#.####.#.##.....########.#.####.#


You could see a wyvern.

Vanquished Creatures
  Sigmund (D:4)
  2 ogres
  2 scorpions (D:5)
  2 hounds
  A jelly (D:5)
  2 orc priests
  Ijyb (D:3)
  2 iguanas (D:5)
  An orc wizard (D:5)
  Robin (D:2)
  7 adders
  A howler monkey skeleton (D:5)
  An ufetubus (D:4)
  2 worms
  A dart slug (D:4)
  5 orcs
  4 endoplasms
  4 giant cockroaches
  14 goblins
  10 hobgoblins
  12 jackals
  6 kobolds
  4 quokkas
  3 ball pythons
  2 bats (D:3)
  2 frilled lizards
  4 rats
97 creatures vanquished.

Vanquished Creatures (others)
  A quokka (D:3)
1 creature vanquished.

Grand Total: 98 creatures vanquished

Notes
Turn   | Place    | Note
-------+----------+-------------------------------------------
     0 | D:1      | Delamore the Octopode Brigand began the quest for the Orb.
     0 | D:1      | Reached XP level 1. HP: 14/14 MP: 1/1
   136 | D:1      | Reached XP level 2. HP: 19/19 MP: 2/2
   418 | D:1      | Found a faded altar of an unknown god.
   565 | D:2      | Reached XP level 3. HP: 17/25 MP: 3/3
   981 | D:2      | Reached skill level 3 in Short Blades
  1123 | D:2      | Noticed Robin
  1173 | D:2      | Killed Robin
  1214 | D:2      | Reached XP level 4. HP: 23/30 MP: 4/4
  1851 | D:3      | Found a white marble altar of Elyvilon.
  2313 | D:3      | Found an opulent altar of Gozag.
  2420 | D:3      | Found Haifuge's Book Shop.
  2506 | D:3      | Became a worshipper of Gozag Ym Sagoz the Greedy
  2525 | D:3      | Reached XP level 5. HP: 28/36 MP: 5/5
  2655 | D:3      | Noticed Ijyb
  2668 | D:3      | HP: 1/36 [Ijyb (3)]
  2669 | D:3      | Killed Ijyb
  2670 | D:3      | Reached skill level 4 in Short Blades
  3003 | D:3      | Found Wiqiuh's Antique Weapon Shoppe.
  3461 | D:3      | Found Liyk's Distillery.
  3468 | D:3      | Bought a potion of heal wounds for 60 gold pieces
  3468 | D:3      | Bought 2 potions of curing for 72 gold pieces
  3608 | D:4      | Noticed Sigmund
  3667 | D:4      | Killed Sigmund
  3668 | D:4      | Reached XP level 6. HP: 40/43 MP: 6/6
  3793 | D:4      | Found a glowing silver altar of Zin.
  3909 | D:4      | Reached skill level 5 in Short Blades
  3937 | D:4      | Reached XP level 7. HP: 18/47 MP: 7/7
  4152 | D:4      | Found a blossoming altar of Fedhas.
  4530 | D:5      | Entered Level 5 of the Dungeon
  4687 | D:5      | Found a staircase to the Ecumenical Temple.
  4902 | D:5      | Reached skill level 6 in Short Blades
  5478 | D:5      | Reached XP level 8. HP: 48/54 MP: 8/8
  5623 | D:5      | Noticed a wyvern
  5628 | D:5      | Slain by a wyvern

Illustrated notes

Levels and vault maps discovered:
D:1:      lemuel_arrival_cross, layout_rooms, chequers_ecumenical_altar_lobes
D:2:      layout_rooms, uniq_robin
D:3:      layout_basic, nicolae_gozag_seed_capital, elyvilon_altar_4,
          serial_shops, shop, nicolae_diamond_shop, nicolae_shop_waterfront,
          uniq_ijyb
D:4:      layout_cave_pools, mainiacjoe_overflow_small_starburst,
          mainiacjoe_overflow_alcove_2, corexii_hall_statues_s, uniq_sigmund
D:5:      layout_basic, okawaru_altar_gauntlet_db, minmay_temple_entry_crystal_x

Skill      XL: |  1  2  3  4  5  6  7 |
---------------+----------------------+-----
Short Blades   | 3 4 5 6 |  6.5
Dodging        | 2 3 4 |  4.3
Fighting       | 3 4 |  4.8
Throwing       | |  2.0
Stealth        | |  5.3

Action                   |  1- 3 |  4- 6 |  7- 9 || total
-------------------------+-------+-------+-------++-------
Melee: Dagger            |    53 |   101 |    67 ||   221
       Constrict         |    16 |    33 |    12 ||    61
       Tentacles         |    11 |    19 |    18 ||    48
Throw: Dart              |     9 |    12 |       ||    21
Evoke: Wand              |       |       |     3 ||     3
  Use: Scroll            |       |     6 |     6 ||    12
 Stab: Sleeping          |     6 |     6 |     8 ||    20
       Distracted        |     1 |       |       ||     1
Armor: Skin              |     1 |     6 |     1 ||     8
Dodge: Dodged            |    22 |    59 |    45 ||   126
